 Dungeon Crawl Stone Soup version 0.31-a0-1009-g454b1f1e0a (webtiles) character file.

Game seed: 1356052166470170169

18504 Armakuni the Pacifist (level 12, 94/94 HPs)
             Began as a White Draconian Conjurer on Nov 12, 2023.
             Was an Elder of Elyvilon.
             Quit the game on level 3 of the Lair of Beasts on Nov 14, 2023.
             The game lasted 00:32:21 (14485 turns).

Armakuni the Pacifist (White Draconian Conjurer)   Turns: 14485, Time: 00:32:22

Health: 94/94      AC: 15    Str:  9    XL:     12   Next: 28%
Magic:  22/22      EV: 17    Int: 23    God:    Elyvilon [****..]
Gold:   626        SH:  0    Dex: 11    Spells: 11/25 levels left

rFire   . . .        a - melded +1 flail (holy)
rCold   + . .        (shield currently unavailable)
rNeg    . . .        (body armour unavailable)
rPois   .            v - +2 hat
rElec   .            e - +0 cloak
rCorr   .            (gloves currently unavailable)
SInv    .            (no boots)
Will    .....        (no amulet)
Stlth   ++           A - +4 ring of protection
HPRegen 0.35/turn    E - +5 ring of evasion
MPRegen 0.18/turn

%: no passive effects
@: blade hands
A: breathe frost, AC +8, unfitting armour, cold resistance 1, cold-blooded
a: Breathe Frost, Begin Untransformation, Renounce Religion, Purification, Heal
Other, Heal Self


You were on level 3 of the Lair of Beasts.
You worshipped Elyvilon.
Elyvilon was greatly pleased with you.
You had blades for hands.
You visited 3 branches of the dungeon, and saw 13 of its levels.
You also visited: Volcano.

You collected 659 gold pieces.
You spent 33 gold pieces at shops.

Inventory:

Hand Weapons
 a - a +1 flail of holy wrath (melded)
Missiles
 q - a throwing net
 D - 4 curare-tipped darts
Armour
 e - a +0 cloak (worn)
 v - a +2 hat (worn)
Jewellery
 A - a +4 ring of protection (left blade hand)
 E - a +5 ring of evasion (right blade hand)
 L - a ring of flight
Talismans
 r - a serpent talisman
 t - a blade talisman (active)
Wands
 j - a wand of charming (4)
 k - a wand of digging (6)
 y - a wand of roots (3)
Scrolls
 c - 4 scrolls of immolation
 d - 2 scrolls of poison
 f - 2 scrolls of noise
 g - 4 scrolls of fog
 l - a scroll of enchant weapon
 n - 3 scrolls of teleportation
 o - a scroll of amnesia
 x - 2 scrolls of vulnerability
 B - a scroll of enchant armour
 F - a scroll of identify
 G - a scroll of fear
Potions
 b - a potion of resistance
 h - 4 potions of curing
 i - a potion of haste
 m - 6 potions of heal wounds
 p - a potion of brilliance
 s - a potion of enlightenment
 u - a potion of invisibility {unknown}
 w - a potion of cancellation
 z - a potion of ambrosia
 C - a potion of might
 H - a potion of attraction {unknown}
 X - 2 potions of mutation


   Skills:
 - Level 5.0 Fighting
 - Level 1.7 Dodging
 - Level 1.7 Stealth
 + Level 7.2 Unarmed Combat
 - Level 7.1 Spellcasting
 - Level 9.3 Conjurations
 - Level 4.0 Translocations
 - Level 10.2 Invocations
 - Level 10.0 Shapeshifting


You had 11 spell levels left.
You knew the following spells:

 Your Spells              Type           Power      Damage    Failure   Level
i - Irradiate             Conj/Tmut      14%        3d16      30%         5
m - Iskenderun's Mystic   Conj/Tloc      38%        2d9       4%          4
o - Ozocubu's Armour      Ice            8%         N/A       22%         3
z - Searing Ray           Conj           100%       2d8       1%          2

Your spell library contained the following spells:

 Spells                   Type           Power      Damage    Failure   Level
 Magic Dart               Conj           100%       1d8       1%          1
 Dazzling Flash           Conj/Hex       58%        N/A       3%          3
 Flame Wave               Conj/Fire      29%        2d9       11%         4
 Fulminant Prism          Conj/Hex       14%        3d9       11%         4
 Scorch                   Fire           16%        2d5       12%         2
 Sublimation of Blood     Necr           8%         N/A       12%         2
 Manifold Assault         Tloc           26%        N/A       14%         4
 Inner Flame              Hex/Fire       8%         N/A       22%         3
 Summon Guardian Golem    Hex/Summ       8%         N/A       22%         3
 Tukima's Dance           Hex            8%         N/A       22%         3
 Dimensional Bullseye     Hex/Tloc       8%         N/A       32%         4
 Petrify                  Tmut/Erth      8%         N/A       58%         4
 Summon Lightning Spire   Summ/Air       8%         N/A       58%         4
 Metabolic Englaciation   Hex/Ice        4%         N/A       91%         5
 Summon Mana Viper        Hex/Summ       8%         N/A       91%         5
 Yara's Violent Unravell  Hex/Tmut       4%         3d4       91%         5
 Dispersal                Tloc           13%        N/A       92%         6
 Simulacrum               Ice/Necr       4%         N/A       100%        6
 Summon Cactus Giant      Summ           4%         N/A       100%        6
 Enfeeble                 Hex            4%         N/A       100%        7
 Malign Gateway           Summ/Tloc      8%         N/A       100%        7
 Disjunction              Tloc           13%        N/A       100%        8


Dungeon Overview and Level Annotations

Branches:
Dungeon (9/15)             Temple (1/1) D:5            Lair (3/5) D:8
Volcano (visited)
  Swamp: Lair:2-3    Shoals: Lair:2-3     Snake: Lair:2-3    Spider: Lair:2-3
    Orc: D:9-12

Altars:
Cheibriados
Elyvilon
Fedhas
Gozag
Hepliaklqana
Makhleb
Nemelex Xobeh
Okawaru
Ru
Sif Muna
Trog
Uskayaw
Vehumet
Wu Jian
Xom
Yredelemnul
Zin
The Shining One

Shops:
D:2 !   D:5 =

Annotations:
Lair:2 2 transporters, graki42's ghost, journeyman GrFi


Innate Abilities, Weirdness & Mutations

You have blades for hands.
You are incapable of wielding weapons or throwing items.
You can breathe waves of freezing cold which knock back foes.
Your icy white scales are hard. (AC +8)
You cannot fit into any form of body armour.
Your flesh is cold resistant. (rC+)
You are cold-blooded and may be slowed by cold attacks.


Message History

A yak comes into view.
A yak comes into view.
The yak bellows!
A yak comes into view.
You see here 11 gold pieces.
You now have 626 gold pieces (gained 11).
The yak bellows!
A bullfrog comes into view.
The bullfrog gives a loud, deep croak!
The bullfrog hits you but does no damage.
The bullfrog barely misses you.
There is a stone staircase leading up here.
The bullfrog misses you.
You climb upwards.
Level annotation: 2 transporters, graki42's ghost, journeyman GrFi
There is a stone staircase leading down here.
You slash the bullfrog!
The bullfrog is heavily wounded.
The bullfrog hits you.
You slash the bullfrog!
Your tail-slap misses the bullfrog.
The bullfrog is almost dead.
The bullfrog hits you but does no damage.
The bullfrog closely misses you.
You barely miss the bullfrog. Your slash misses the bullfrog.
The bullfrog is almost dead.
The bullfrog hits you but does no damage.
You slice the bullfrog!!
You kill the bullfrog!
The spriggan rider shouts!
There is a transporter landing site here.
There is a stone staircase leading down here.
You start resting.
HP restored.
You climb downwards.
There is a stone staircase leading up here.
Saving game... please wait.
Welcome back, Armakuni the White Draconian Conjurer.
Elyvilon says: Go forth and aid the weak!
Press ? for a list of commands and other information.
Are you sure you want to abandon this character and quit the game? (Confirm with "yes".)

##....#####
+....
##.......#..
#....
..........#
....
#.....Y.... #
...
#...#Y....# #.
..
...###Y8.###
#..
.#...##......#
#..#...#
#.....# #.@.8#
#..<..#
##....##.....#
##....##....#
...###.8.##
#........#
#......Y.
......S..
.#......Y


There were no monsters in sight!

Vanquished Creatures
  Gastronok (Lair:2)
  A two-headed ogre (D:7)
  Nergalle (Lair:1)
  A skyshark (Lair:3)
  A deep elf archer (Volcano)
  6 deep elf pyromancers (Volcano)
  A black mamba (Lair:2)
  2 cane toads
  2 komodo dragons
  Grinder (D:4)
  Prince Ribbit (D:5)
  3 blink frogs (Lair:1)
  22 yaks
  A wraith (D:8)
  A wyvern (Lair:1)
  5 fire elementals (Volcano)
  Menkaure (D:7)
  6 hell hounds (Volcano)
  4 water moccasins
  A sky beast (D:6)
  4 ice beasts
  2 ogres
  4 black bears
  2 centaurs (D:8)
  11 wolves
  Blork the orc (D:6)
  9 bullfrogs
  4 scorpions
  7 wights
  2 gnoll boudas
  A jelly (D:6)
  4 hounds
  3 iguanas
  3 orc wizards
  A sleepcap (D:5)
  19 gnolls
  9 adders
  2 white imps
  2 ufetubi (D:6)
  6 worms
  2 dart slugs
  15 orcs
  4 bats
  6 endoplasms
  7 giant cockroaches
  8 goblins
  9 hobgoblins
  4 jackals (D:3)
  7 quokkas
  5 ball pythons
  5 frilled lizards
  5 kobolds (D:1)
  5 rats
240 creatures vanquished.

Vanquished Creatures (others)
  A cane toad (Lair:1)
  A yak (Lair:1)
2 creatures vanquished.

Grand Total: 242 creatures vanquished

Notes
Turn   | Place    | Note
-------+----------+-------------------------------------------
     0 | D:1      | Armakuni the Draconian Conjurer began the quest for the
                  | Orb.
     0 | D:1      | Reached XP level 1. HP: 14/14 MP: 3/3
   308 | D:1      | Reached XP level 2. HP: 20/20 MP: 3/5
   447 | D:1      | Learned a level 2 spell: Searing Ray
   917 | D:1      | Reached skill level 5 in Conjurations
  1069 | D:1      | Reached XP level 3. HP: 26/26 MP: 2/6
  1441 | D:2      | Found Cima's Distillery.
  1457 | D:2      | Bought a potion of curing for 33 gold pieces
  2365 | D:3      | Identified the "Saeze"
  2659 | D:3      | Found a hide-covered altar of Uskayaw.
  2742 | D:3      | Reached XP level 4. HP: 33/33 MP: 1/7
  3011 | D:3      | Learned a level 4 spell: Iskenderun's Mystic Blast
  3013 | D:3      | Found a white marble altar of Elyvilon.
  3025 | D:3      | Became a worshipper of Elyvilon the Healer
  3724 | D:4      | Reached * piety under Elyvilon
  3842 | D:4      | Reached XP level 5. HP: 29/38 MP: 2/8
  4415 | D:4      | Noticed Grinder
  4424 | D:4      | Reached XP level 6. HP: 34/45 MP: 2/9
  4437 | D:4      | Paralysed by Grinder for 3 turns
  4440 | D:4      | Killed Grinder
  4546 | D:4      | Your scales start taking on an icy white colour.
  4546 | D:4      | Reached XP level 7. HP: 50/50 MP: 4/11
  4546 | D:4      | Gained mutation: Your flesh is cold resistant. (rC+) [White
                  | Draconian growth]
  4860 | D:4      | Reached ** piety under Elyvilon
  5121 | D:5      | Entered Level 5 of the Dungeon
  5340 | D:5      | Found a staircase to the Ecumenical Temple.
  5341 | D:5      | Noticed Prince Ribbit
  5355 | D:5      | Killed Prince Ribbit
  5356 | D:5      | Reached skill level 5 in Spellcasting
  5356 | D:5      | Reached XP level 8. HP: 57/57 MP: 8/16
  5360 | Temple   | Entered the Ecumenical Temple
  5448 | D:5      | Found a snail-covered altar of Cheibriados.
  5498 | D:5      | Found Polats's Jewellery Shop.
  6109 | D:6      | Reached skill level 1 in Invocations
  6600 | D:6      | Reached skill level 5 in Invocations
  6711 | D:6      | Reached *** piety under Elyvilon
  6732 | D:6      | Noticed Blork the orc
  6741 | D:6      | Killed Blork the orc
  6742 | D:6      | Reached skill level 1 in Translocations
  7066 | D:6      | Reached XP level 9. HP: 53/62 MP: 10/19
  7245 | D:6      | Found an ornate altar of the Wu Jian Council.
  7727 | D:7      | Noticed a two-headed ogre
  7743 | D:7      | Killed a two-headed ogre
  8157 | D:7      | Noticed Menkaure
  8166 | D:7      | Killed Menkaure
  8423 | D:7      | Reached **** piety under Elyvilon
  8650 | D:7      | Learned a level 5 spell: Irradiate
  9400 | D:8      | Found a shimmering blue altar of Sif Muna.
  9604 | D:8      | Reached XP level 10. HP: 52/69 MP: 15/20
  9783 | D:8      | Upgraded the game from 0.31-a0-1008-g5b978dac0e to
                  | 0.31-a0-1009-g454b1f1e0a
 10209 | D:8      | Found a staircase to the Lair.
 10219 | D:8      | Reached skill level 10 in Invocations
 10511 | Lair:1   | Entered Level 1 of the Lair of Beasts
 10513 | Lair:1   | Noticed a cane toad
 10522 | Lair:1   | Killed a cane toad
 10865 | Lair:1   | Reached skill level 5 in Shapeshifting
 11181 | Lair:1   | Noticed Nergalle
 11198 | Lair:1   | Killed Nergalle
 11199 | Lair:1   | Reached XP level 11. HP: 46/74 MP: 3/21
 12111 | Lair:2   | Found a dark tunnel.
 12123 | Volcano  | Entered a volcano
 12259 | Volcano  | Noticed a deep elf pyromancer
 12260 | Volcano  | Noticed a deep elf pyromancer
 12260 | Volcano  | Noticed a deep elf pyromancer
 12317 | Volcano  | Noticed a deep elf pyromancer
 12329 | Volcano  | Killed a deep elf pyromancer
 12341 | Volcano  | Killed a deep elf pyromancer
 12344 | Volcano  | Killed a deep elf pyromancer
 12466 | Volcano  | Noticed a deep elf pyromancer
 12468 | Volcano  | Noticed a deep elf pyromancer
 12473 | Volcano  | Killed a deep elf pyromancer
 12474 | Volcano  | Reached skill level 10 in Shapeshifting
 12519 | Volcano  | Killed a deep elf pyromancer
 12520 | Volcano  | Reached skill level 1 in Fighting
 12520 | Volcano  | Reached skill level 1 in Unarmed Combat
 12535 | Volcano  | Killed a deep elf pyromancer
 12675 | Volcano  | Noticed a deep elf archer
 12701 | Volcano  | Killed a deep elf archer
 13048 | Lair:2   | Found a transporter.
 13097 | Lair:2   | Found a transporter.
 13106 | Lair:2   | Noticed Gastronok
 13170 | Lair:2   | HP: 2/84 [Gastronok/the air (29)]
 13179 | Lair:2   | Killed Gastronok
 13180 | Lair:2   | Reached skill level 5 in Fighting
 13180 | Lair:2   | Reached XP level 12. HP: 75/94 MP: 10/22
 13304 | Lair:2   | Noticed graki42's ghost (journeyman GrFi)
 13313 | Lair:2   | Found a bloodstained altar of Trog.
 13363 | Lair:2   | Reached skill level 5 in Unarmed Combat
 13813 | Lair:2   | Learned a level 3 spell: Ozocubu's Armour
 13899 | Lair:2   | Noticed an eight-headed hydra
 13902 | Lair:2   | Pacified an eight-headed hydra
 14289 | Lair:3   | Noticed a death yak
 14291 | Lair:3   | Noticed a death yak
 14293 | Lair:3   | Noticed a death yak
 14293 | Lair:3   | Noticed a death yak
 14485 | Lair:3   | Quit the game

Illustrated notes

Levels and vault maps discovered:
D:1:      psy_arrival_fountain, layout_basic, hangedman_abyss_or_decor_stabs
D:2:      layout_rooms, serial_shops, shop, serial_forest,
          infiniplex_forest_straight_2, infiniplex_forest_lined_ring,
          infiniplex_forest_zigzag_1, infiniplex_forest_lined_3,
          infiniplex_forest_lined_room_2, infiniplex_forest_zigzag_1,
          infiniplex_forest_clump_curved, infiniplex_forest_3_way,
          minmay_pentomino_pile
D:3:      layout_basic, mainiacjoe_overflow_surrounded_room,
          mainiacjoe_overflow_six_doors_small
D:4:      wad_river_or_something, layout_basic, serial_bayou,
          serial_bayou_lake_a, serial_bayou_shore_b, serial_bayou_lagoon_a,
          serial_bayou_crossing, uniq_grinder
D:5:      layout_gridville, kennysheep_slug_shrine,
          minmay_temple_entry_statues_fountains, serial_shops, shop,
          uniq_prince_ribbit1
D:6:      layout_basic, nicolae_wu_jian_immortal_techniques, uniq_blork_the_orc
D:7:      layout_cave_pods, uniq_menkaure
D:8:      layout_loops_corners, nicolae_overflow_hidden_temple,
          mainiacjoe_overflow_chevrons, grunt_lair_entry_orc_guard_hut
D:9:      layout_loops_ring, nicolae_qazlal_eye_of_the_storm, uniq_pikel,
          uniq_joseph
Temple:   nicolae_temple_god_jail
Lair:1:   layout_regular_city, minivault_25, grunt_forest_small_clearing_treed,
          uniq_nergalle
Lair:2:   layout_regular_city, gammafunk_ghost_wrathful_warriors,
          nicolae_volcano_entry_hallway, uniq_gastronok
Lair:3:   layout_roguey, skrybe_swamp_entry_bodies,
          nicolae_spider_entry_lesser_pyramids, grunt_forest_large_clearings,
          grunt_megastairs_5

Skill      XL: |  1  2  3  4  5  6  7  8  9 10 11 12 |
---------------+-------------------------------------+-----
Conjurations   | 5 6 7 8 9 |  9.3
Spellcasting   | 5 7 |  7.1
Invocations    | 5 8 10 | 10.2
Translocations | 1 4 |  4.0
Shapeshifting  | 7 10 | 10.0
Fighting       | 5 |  5.0
Unarmed Combat | 4 7 |  7.2
Dodging        | |  1.7
Stealth        | |  1.7

Action                     |  1- 3 |  4- 6 |  7- 9 | 10-12 || total
---------------------------+-------+-------+-------+-------++-------
  Melee: Unarmed           |    21 |    13 |       |   157 ||   191
         Tailslap          |     3 |     2 |    17 |    30 ||    52
         Punch             |     1 |       |       |     4 ||     5
         Dagger            |       |    10 |    64 |       ||    74
         Flail             |       |       |     2 |    15 ||    17
   Cast: Magic Dart        |    18 |       |       |       ||    18
         Searing Ray       |    34 |    27 |    74 |    51 ||   186
         Iskenderun's Myst |       |       |       |     9 ||     9
         Ozocubu's Armour  |       |       |       |     1 ||     1
 Invoke: Heal Self         |       |       |     2 |    13 ||    15
         Purification      |       |       |     2 |     1 ||     3
         Heal Other        |       |       |     1 |     4 ||     5
Ability: Breathe Frost     |       |       |       |     8 ||     8
  Evoke: Wand              |       |       |       |     9 ||     9
    Use: Scroll            |     9 |     2 |     3 |     5 ||    19
         Potion            |       |     5 |     2 |     1 ||     8
 Armour: Skin              |    30 |    29 |   112 |   249 ||   420
  Dodge: Dodged            |    33 |    24 |   122 |   281 ||   460
   Form: Blade             |       |       |       |     1 ||     1

Table legend: (Time is in decaauts)
 A = Elapsed time spent in this place.
 B = Non-inter-level travel time spent in this place.
 C = Inter-level travel time spent in this place.
 D = Time resting spent in this place.
 E = Time spent auto-exploring this place.
 F = Levels seen in this place.
 G = Mean time per level.
                   A        B        C        D        E       F      G
               +--------+--------+--------+--------+--------+-----+--------+
         Total |  14569 |  14200 |    369 |   3390 |   8315 |  14 | 1040.6 |
       Dungeon |  10520 |  10246 |    274 |   2016 |   6552 |   9 | 1168.9 |
        Temple |     46 |     46 |      0 |     43 |      0 |   1 |   46.0 |
          Lair |   3195 |   3100 |     95 |    766 |   1742 |   3 | 1065.0 |
       Volcano |    807 |    807 |      0 |    565 |     21 |   1 |  807.0 |
               +--------+--------+--------+--------+--------+-----+--------+

Top non-repeatable levels by time:
     D:6: 1603 daAuts
  Lair:1: 1583 daAuts
  Lair:2: 1526 daAuts
     D:8: 1522 daAuts
     D:4: 1498 daAuts
     D:1: 1441 daAuts
     D:7: 1390 daAuts
     D:3: 1295 daAuts
     D:2: 923 daAuts
     D:5: 842 daAuts
 Volcano: 807 daAuts
  Lair:3: 86 daAuts
  Temple: 46 daAuts
     D:9: 1 daAuts
